AoeStats
← s31415

Golden Pit

508939968Analyzed
1v1 RM · 7d ago on Sep 24, 2026· 26m 9s· 2 players
Game mode
Random Map
Map size
Tiny (2 player)
Population
200
Speed
Normal
Resources
Standard
Victory
Conquest
Starting age
Dark Age
Ending age
Imperial Age
RankedLock teamsTeams togetherTeam positionsShared explorationLock speedFull tech treeHidden civsTurbo modeCheats
Victory
Defeat
🇭🇺 Turks · Hungary
811
+16
🇲🇽 Bengalis · Mexico
819
-16
s31415
9:33 Feudal Age
8:38 Loom
10:11 Double-Bit Axe
18:26 Castle Age
17:46 Stone Mining
23:44 Gold Mining
mayo24ap
10:22 Feudal Age
16:58 Castle Age
15:22 Double-Bit Axe
15:48 Horse Collar
16:09 Loom
17:36 Gold Mining
19:20 Wheelbarrow
22:21 Bow Saw
22:21 Heavy Plow
Connection lost

Rejoining the realm…

Still unreachable

The connection could not be restored.

Session expired

The server has moved on; the page needs a fresh start.